 Dungeon Crawl Stone Soup version 0.25-a0-285-gcba6f664f8 (webtiles) character file.

Game seed: 11317005867475553370, levelgen mode: deterministic

3018 kae the Destroyer (level 9, -4/45 HPs)
             Began as a Tengu Fire Elementalist on Dec 11, 2019.
             Slain by a phantom (9 damage)
             ... on level 8 of the Dungeon.
             The game lasted 00:20:28 (10989 turns).

kae the Destroyer (Tengu Fire Elementalist)        Turns: 10989, Time: 00:20:28

Health: -4/45      AC:  3    Str:  9    XL:     9   Next: 85%
Magic:  13/18      EV: 13    Int: 19    God:
Gold:   0          SH:  0    Dex: 17    Spells: 6/19 levels left

rFire    . . .     SeeInvis .   p - +0 spear
rCold    . . .     Gourm    .   (no shield)
rNeg     . . .     Faith    .   a - +1 robe
rPois    .         Spirit   .   (helmet restricted)
rElec    .         Reflect  .   (no cloak)
rCorr    .         Harm     .   (no gloves)
MR       .....                  (boots unavailable)
Stlth    +.........             r - amulet of magic regeneration
HPRegen  0.15/turn              m - ring of attention (curse)
MPRegen  0.41/turn              x - +3 ring of dexterity

@: no status effects
A: beak, talons 3, able to fly
a: Fly


You were on level 8 of the Dungeon.
You were near starving.

You visited 2 branches of the dungeon, and saw 9 of its levels.

Inventory:

Hand Weapons
 p - a +0 spear (weapon)
Armour
 a - a +1 robe (worn)
Jewellery
 d - an uncursed amulet of the acrobat
 h - a +5 ring of evasion
 j - a +3 ring of protection
 m - a cursed ring of attention (left hand)
 r - an amulet of magic regeneration (around neck)
 t - a +2 ring of strength {unknown}
 x - a +3 ring of dexterity (right hand)
Wands
 s - a wand of disintegration (13)
 z - a wand of iceblast (8)
Scrolls
 k - a scroll of fear
 l - a scroll of magic mapping
 o - a scroll of amnesia
 q - 7 scrolls of teleportation
 w - 3 scrolls of enchant weapon
 y - 2 scrolls of identify
Potions
 b - 2 potions of mutation
 f - a potion of degeneration
 g - a potion of magic
 n - a potion of berserk rage
 u - a potion of ambrosia {unknown}
 v - a potion of haste
 B - a potion of brilliance
Comestibles
 c - 11 rations


   Skills:
 - Level 2.1 Dodging
 - Level 2.0 Stealth
 + Level 5.7 Spellcasting
 * Level 10.9 Conjurations
 * Level 9.9 Fire Magic


You had 6 spell levels left.
You knew the following spells:

 Your Spells              Type           Power        Failure   Level  Hunger
a - Foxfire               Conj/Fire      ####         1%          1    None
b - Conjure Flame         Conj/Fire      #####...     1%          3    ##.....
c - Sticky Flame          Conj/Fire      #####...     1%          4    ####...
d - Fireball              Conj/Fire      #####.....   4%          5    #####..

Your spell library contained the following spells:

 Spells                   Type           Power        Failure   Level  Hunger
 Inner Flame              Hex/Fire       ###.....     4%          3    ##.....
 Animate Skeleton         Necr           N/A          12%         1    None
 Pain                     Necr           #...         12%         1    None
 Regeneration             Chrm/Necr      #.........   34%         3    ##.....
 Vampiric Draining        Necr           #.........   34%         3    ##.....
 Animate Dead             Necr           N/A          75%         4    ####...


Dungeon Overview and Level Annotations

Branches:
Dungeon (8/15)             Temple (1/1) D:6
   Lair: D:8-11

Altars:
Ashenzari
Cheibriados
Dithmenos
Elyvilon
Fedhas
Gozag
Hepliaklqana
Kikubaaqudgha
Makhleb
Nemelex Xobeh
Okawaru
Qazlal
Sif Muna
Trog
Uskayaw
Xom
Yredelemnul
Zin
The Shining One

Annotations:
D:7 2 runed translucent doors
D:8 Maurice


Innate Abilities, Weirdness & Mutations

You have a beak for a mouth.
You have claws for feet.
You can fly continuously.


Message History

The phantom barely misses you.
Casting: Foxfire (safe; 1% risk of failure)
Confirm with . or Enter, or press ? or * to list all spells.
Nothing appears to happen.
The phantom hits you but does no damage.
The phantom hits you.
* * * LOW HITPOINT WARNING * * *
You barely miss the phantom.
The phantom is lightly damaged.
The phantom hits you.
* * * LOW HITPOINT WARNING * * *
Casting: Foxfire (safe; 1% risk of failure)
Confirm with . or Enter, or press ? or * to list all spells.
Aiming: Sticky Flame (safe; 1% risk of failure)
Press: ? - help, Shift-Dir - straight line, f - phantom
Aim: a phantom (lightly damaged)
The sticky flame hits the phantom!
The phantom is moderately damaged.
The phantom hits you!
You die...

≈ #.......#.#
#.........# #+#
#.......### # #.#
#....W..# # #.#
#####.### ### ##.##
#.# ..# ##...## #.#
#.# #.....########.#
#.####...#......@W.#
....###.#...########
#.#........##
#.########## ..# ###


You could see a phantom.

Vanquished Creatures
  Psyche (D:8)
  A hippogriff (D:4)
  An ogre (D:8)
  2 orc warriors (D:8)
  A sky beast (D:8)
  A phantom (D:5)
  2 black bears
  A centaur (D:5)
  2 big kobolds
  3 bullfrogs
  6 killer bees (D:8)
  6 scorpions
  3 wights (D:8)
  3 crimson imps
  2 centaur zombies
  A bullfrog zombie (D:8)
  2 orc priests
  3 hounds
  4 orc wizards
  Jessica (D:3)
  4 worker ants
  2 hound skeletons
  Robin (D:4)
  7 adders
  4 shadow imps
  An ooze (D:4)
  An adder zombie (D:7)
  An adder skeleton (D:4)
  5 worms
  4 leopard geckos
  19 orcs
  7 bats
  7 giant cockroaches
  5 hobgoblins
  36 kobolds
  5 quokkas
  4 frilled lizards
  20 goblins
  A leopard gecko zombie (D:5)
  9 rats
189 creatures vanquished.

Vanquished Creatures (others)
  419 foxfires
  A plant (D:5)
420 creatures vanquished.

Grand Total: 609 creatures vanquished

Notes
Turn   | Place    | Note
-------+----------+-------------------------------------------
     0 | D:1      | kae the Tengu Fire Elementalist began the quest for the
                  | Orb.
     0 | D:1      | Reached XP level 1. HP: 10/10 MP: 4/4
   112 | D:1      | Reached skill level 2 in Conjurations
   112 | D:1      | Reached XP level 2. HP: 15/15 MP: 3/6
  1115 | D:2      | Reached XP level 3. HP: 9/19 MP: 4/7
  1638 | D:2      | Reached skill level 3 in Conjurations
  1713 | D:2      | Found a snail-covered altar of Cheibriados.
  2094 | D:3      | Reached XP level 4. HP: 24/24 MP: 5/8
  2142 | D:3      | Noticed Jessica
  2179 | D:3      | Killed Jessica
  2561 | D:3      | Reached skill level 4 in Conjurations
  2577 | D:3      | Gained mutation: You can fly continuously. [Tengu growth]
  2577 | D:3      | Reached XP level 5. HP: 28/28 MP: 2/9
  2634 | D:3      | Learned a level 3 spell: Conjure Flame
  2639 | D:3      | Learned a level 4 spell: Sticky Flame
  2667 | D:4      | Noticed a hippogriff
  2854 | D:4      | Noticed Robin
  2866 | D:4      | Reached skill level 5 in Fire Magic
  2868 | D:4      | Killed Robin
  2910 | D:4      | Found a blossoming altar of Fedhas.
  2970 | D:4      | Reached XP level 6. HP: 25/32 MP: 7/11
  3169 | D:4      | Killed a hippogriff
  3169 | D:4      | Reached skill level 5 in Conjurations
  3313 | D:3      | Reached XP level 7. HP: 9/36 MP: 11/13
  3601 | D:4      | Found an iron altar of Okawaru.
  3643 | D:4      | Reached skill level 6 in Conjurations
  4075 | D:5      | Entered Level 5 of the Dungeon
  4262 | D:5      | Found a glowing golden altar of the Shining One.
  4335 | D:5      | Reached skill level 7 in Conjurations
  4372 | D:5      | Identified the +5 falchion of False Accusations {drain,
                  | rC++ Int-5 Dex+2}
  4714 | D:5      | Reached XP level 8. HP: 25/41 MP: 9/15
  6198 | D:6      | Found a white marble altar of Elyvilon.
  6232 | D:6      | Reached skill level 8 in Conjurations
  6531 | D:6      | Found a hide-covered altar of Uskayaw.
  6795 | D:6      | Learned a level 5 spell: Fireball
  7227 | D:6      | Noticed a moth of wrath
  7230 | D:6      | Found a bloodstained altar of Trog.
  7360 | D:6      | Found a staircase to the Ecumenical Temple.
  7369 | Temple   | Entered the Ecumenical Temple
  8054 | D:7      | Reached skill level 9 in Conjurations
  8167 | D:7      | Reached XP level 9. HP: 36/45 MP: 12/17
  8524 | D:7      | Found a runed translucent door.
  8525 | D:7      | Found a runed translucent door.
  9338 | D:8      | Found a hazy altar of Hepliaklqana.
  9367 | D:8      | Reached skill level 5 in Spellcasting
  9821 | D:8      | Reached skill level 10 in Conjurations
  9844 | D:8      | HP: 2/45 [killer bee (9)]
 10438 | D:8      | Noticed Psyche
 10446 | D:8      | Killed Psyche
 10918 | D:8      | Noticed Maurice
 10989 | D:8      | Slain by a phantom

Levels and vault maps discovered:
D:1:      moated_graveyard_arrival, layout_basic
D:2:      layout_loops_ring, cheibriados_altar_1
D:3:      layout_basic, uniq_jessica
D:4:      black_bear_nest_1, layout_gridville, okawaru_altar_gauntlet_db,
          fedhas_altar_3, chequers_ossuary_entry_cave, uniq_robin
D:5:      kennysheep_kobold_camp, layout_cave_pools, tso_metal_star,
          first_ration, minmay_quadrilaterals
D:6:      layout_loops_ring, tgw_trog, eat_drink_and_be_merry_uskayaw,
          minmay_temple_entry_poolview, st_stairs_13, elyvilon_altar_4
D:7:      lemuel_insect_pit, layout_loops_ring
D:8:      layout_loops_corners, nicolae_overflow_crystal_walls, serial_rivers,
          chequers_serial_rivers_micro_b, chequers_serial_rivers_micro_c,
          chequers_serial_rivers_small_b, chequers_serial_rivers_large_a,
          chequers_serial_rivers_micro_c, uniq_psyche, uniq_maurice
Temple:   nicolae_temple_x_marks_the_god

Skill      XL: |  1  2  3  4  5  6  7  8  9 |
---------------+----------------------------+-----
Conjurations   | 2 3 4 5 7 9 10 | 10.9
Fire Magic     | 4 5 6 8 9 |  9.9
Spellcasting   | 3 4 5 |  5.7
Dodging        | |  2.1
Stealth        | |  2.0

Action                   |  1- 3 |  4- 6 |  7- 9 || total
-------------------------+-------+-------+-------++-------
Melee: Unarmed           |    35 |    40 |       ||    75
       Kick              |     8 |    21 |    71 ||   100
       Peck              |     5 |    15 |    30 ||    50
       Spear             |       |    52 |   311 ||   363
 Cast: Foxfire           |    50 |    62 |   154 ||   266
       Sticky Flame      |       |     1 |    32 ||    33
       Conjure Flame     |       |       |     6 ||     6
       Fireball          |       |       |     3 ||     3
  Use: Scroll            |     4 |     3 |    11 ||    18
       Potion            |       |     2 |     8 ||    10
 Stab: Sleeping          |       |     1 |       ||     1
  Eat: Chunk             |     4 |     4 |    16 ||    24
       Ration            |       |       |     4 ||     4
Armor: Robe              |     6 |    17 |    44 ||    67
       Skin              |       |       |    53 ||    53
Dodge: Dodged            |    41 |   115 |   305 ||   461

Table legend:
 A = Non-vault XP
 B = Vault XP
 C = Vault XP percentage of total XP
 D = Non-vault monster count
 E = Vault monster count
 F = Vault count percentage of total count
                 A         B        C        D         E       F
            +---------+---------+-------+---------+---------+-------
      Total |    3433 |     879 |  20.4 |     135 |      54 |  28.6
            +---------+---------+-------+---------+---------+-------
        D:1 |      31 |       0 |   0.0 |      19 |       0 |   0.0
        D:2 |      39 |       0 |   0.0 |      14 |       0 |   0.0
        D:3 |     108 |      37 |  25.5 |      14 |       1 |   6.7
        D:4 |     388 |     166 |  30.0 |      15 |      19 |  55.9
        D:5 |     546 |     192 |  26.0 |      14 |      27 |  65.9
        D:6 |     445 |      95 |  17.6 |      10 |       6 |  37.5
        D:7 |     487 |       0 |   0.0 |      24 |       0 |   0.0
        D:8 |    1389 |     389 |  21.9 |      25 |       1 |   3.8
            +---------+---------+-------+---------+---------+-------
